 Dungeon Crawl Stone Soup version 0.27-a0-1060-gcb85b5eba1 (webtiles) character file.

Game seed: 11155703158781339705

177 harryhousin the Covered (level 5, -2/41 HPs)
             Began as a Gnoll Wanderer on Apr 21, 2021.
             Was an Initiate of Sif Muna.
             Slain by a crimson imp
             ... wielding a +1 dagger of chaos
              (15 damage)
             ... on level 4 of the Dungeon.
             The game lasted 00:38:29 (5543 turns).

harryhousin the Covered (Gnoll Wanderer)            Turns: 5543, Time: 00:38:30

Health: -2/41      AC:  4    Str: 10    XL:     5   Next: 57%
Magic:  6/9        EV: 12    Int: 14    God:    Sif Muna [......]
Gold:   120        SH:  0    Dex: 11    Spells: 7/10 levels left

rFire    . . .     SeeInvis .   f - +0 whip
rCold    . . .     Faith    .   (no shield)
rNeg     . . .     Spirit   .   e - +1 robe
rPois    .         Reflect  .   p - +0 helmet
rElec    .         Harm     .   (no cloak)
rCorr    .         Rampage  .   (no gloves)
Will     .....                  (no boots)
Stlth    ++........             l - amulet of magic regeneration
HPRegen  0.13/turn              (no ring)
MPRegen  0.36/turn              (no ring)

@: no status effects
A: fangs 1, strong nose, distributed training
a: Renounce Religion


You were on level 4 of the Dungeon.
You worshipped Sif Muna.
Sif Muna was noncommittal.
You visited 2 branches of the dungeon, and saw 5 of its levels.

You collected 120 gold pieces.

Inventory:

Hand Weapons
 a - a +0 shortbow
 f - a +0 whip (weapon)
Missiles
 c - 31 arrows
Armour
 e - a +1 robe (worn)
 p - a +0 helmet (worn)
Jewellery
 h - a ring of ice
 l - an amulet of magic regeneration (around neck)
Scrolls
 g - a scroll of blinking
 j - a scroll of noise {unknown}
 k - a scroll of magic mapping
 r - a scroll of fear {unknown}
Potions
 b - 2 potions of ambrosia
 d - a potion of haste {unknown}
 i - a potion of magic
 m - a potion of resistance
 n - 2 potions of attraction {unknown}
 o - 2 potions of heal wounds {unknown}
 q - 2 potions of brilliance {unknown}


   Skills:
 + Level 3.0 Fighting
 + Level 1.5 Short Blades
 + Level 1.5 Long Blades
 + Level 1.5 Axes
 + Level 1.5 Maces & Flails
 + Level 1.5 Polearms
 + Level 1.5 Staves
 + Level 1.5 Slings
 + Level 4.8 Bows
 + Level 1.5 Crossbows
 + Level 4.8 Throwing
 + Level 4.8 Armour
 + Level 1.5 Dodging
 + Level 1.5 Stealth
 + Level 1.5 Shields
 + Level 1.5 Unarmed Combat
 + Level 3.2 Spellcasting
 + Level 1.2 Conjurations
 + Level 4.0 Hexes
 + Level 1.2 Summonings
 + Level 1.2 Necromancy
 + Level 1.2 Translocations
 + Level 1.2 Transmutations
 + Level 1.2 Fire Magic
 + Level 1.2 Ice Magic
 + Level 1.2 Air Magic
 + Level 1.2 Earth Magic
 + Level 1.2 Poison Magic
 + Level 1.7 Invocations
 + Level 1.5 Evocations


You had 7 spell levels left.
You knew the following spells:

 Your Spells              Type           Power      Damage    Failure   Level
a - Magic Dart            Conj           20%        1d4       13%         1
b - Slow                  Hex            13%        N/A       6%          2

Your spell library contained the following spells:

 Spells                   Type           Power      Damage    Failure   Level
 Sandblast                Erth           10%        2d5       13%         1
 Blink                    Tloc           N/A        N/A       19%         2
 Call Imp                 Summ           5%         N/A       19%         2
 Passwall                 Tmut/Erth      4%         N/A       19%         2
 Conjure Flame            Conj/Fire      5%         6-21      36%         3
 Mephitic Cloud           Conj/Pois/Air  5%         N/A       36%         3
 Stone Arrow              Conj/Erth      10%        3d7       36%         3
 Petrify                  Tmut/Erth      5%         N/A       77%         4
 Lee's Rapid Deconstruct  Erth           2%         3d6*      98%         5


Dungeon Overview and Level Annotations

Branches:
Dungeon (4/15)             Temple (1/1) D:4

Altars:
Cheibriados
Dithmenos
Fedhas
Kikubaaqudgha
Makhleb
Sif Muna
Vehumet
Wu Jian
Xom
Yredelemnul
Zin
The Shining One
Lugonu


Innate Abilities, Weirdness & Mutations

You have very sharp teeth.
Your uncanny sense of smell can sniff out nearby items.
Your experience applies equally to all skills.


Message History

Aiming: Magic Dart (safe; 13% risk of failure)
Press: ? - help, Shift-Dir - straight line, f/p - crimson imp
Aim: a crimson imp, wielding a +1 dagger of chaos (100% to hit)
The magic dart hits the crimson imp.
The crimson imp is lightly wounded.
The crimson imp closely misses you.
You hit the crimson imp.
The crimson imp is lightly wounded.
The crimson imp hits you with a +1 dagger of chaos.
You hit the crimson imp but do no damage.
The crimson imp is lightly wounded.
The crimson imp closely misses you.
You barely miss the crimson imp.
The crimson imp hits you with a +1 dagger of chaos.
You are electrocuted!
Your magical contamination has completely faded away.
You barely miss the crimson imp. Your bite misses the crimson imp.
The crimson imp closely misses you.
You hit the crimson imp.
The crimson imp is moderately wounded.
The crimson imp misses you.
You hit the crimson imp but do no damage.
The crimson imp is moderately wounded.
The crimson imp hits you with a +1 dagger of chaos.
You closely miss the crimson imp.
You bite the crimson imp, but do no damage.
The crimson imp is moderately wounded.
The crimson imp closely misses you.
You miss the crimson imp. You punch the crimson imp.
The crimson imp is moderately wounded.
The crimson imp hits you with a +1 dagger of chaos.
The crimson imp burns you.
You barely miss the crimson imp.
The crimson imp is moderately wounded.
The crimson imp closely misses you.
You barely miss the crimson imp.
The crimson imp is lightly wounded.
The crimson imp hits you with a +1 dagger of chaos.
You are electrocuted!
You die...

### #_.$####
#...5@.#
#_..##.#########
### #..........##.#
#..#######.#....
#..............
#.#######..... ##
##.# #...... .#
#..#####.#...###.##
#..................


You could see a crimson imp.

Vanquished Creatures
  An orc wizard (D:2)
  5 adders
  4 worms
  2 dart slugs (D:1)
  2 orcs (D:3)
  8 endoplasms
  5 giant cockroaches
  10 hobgoblins
  3 jackals (D:3)
  3 quokkas
  6 ball pythons
  8 bats
  4 frilled lizards
  12 goblins
  9 kobolds
  5 rats
87 creatures vanquished.

Vanquished Creatures (collateral kills)
  A bat (D:3)
1 creature vanquished.

Vanquished Creatures (others)
  A demonic plant (Temple)
1 creature vanquished.

Grand Total: 89 creatures vanquished

Notes
Turn   | Place    | Note
-------+----------+-------------------------------------------
     0 | D:1      | harryhousin the Gnoll Wanderer began the quest for the Orb.
     0 | D:1      | harryhousin set off with the following items: a +0
                  | shortbow, 27 arrows, a potion of curing, a +0 robe; and the
                  | following spell memorised: Magic Dart; and the following
                  | spells available to memorise: Slow, Blink, Call Imp,
                  | Conjure Flame, Mephitic Cloud
     0 | D:1      | Reached XP level 1. HP: 17/17 MP: 4/4
   147 | D:1      | Reached XP level 2. HP: 23/23 MP: 5/5
   846 | D:1      | Reached XP level 3. HP: 19/28 MP: 0/7
  1038 | D:1      | Learned a level 2 spell: Slow
  1209 | D:1      | Reached skill level 1 in Invocations
  1543 | D:2      | Reached skill level 1 in Short Blades
  1543 | D:2      | Reached skill level 1 in Long Blades
  1543 | D:2      | Reached skill level 1 in Axes
  1543 | D:2      | Reached skill level 1 in Maces & Flails
  1543 | D:2      | Reached skill level 1 in Polearms
  1543 | D:2      | Reached skill level 1 in Staves
  1543 | D:2      | Reached skill level 1 in Slings
  1543 | D:2      | Reached skill level 1 in Crossbows
  1543 | D:2      | Reached skill level 1 in Dodging
  1543 | D:2      | Reached skill level 1 in Stealth
  1543 | D:2      | Reached skill level 1 in Shields
  1543 | D:2      | Reached skill level 1 in Unarmed Combat
  1543 | D:2      | Reached skill level 1 in Evocations
  1682 | D:2      | Reached XP level 4. HP: 34/34 MP: 8/8
  2335 | D:2      | Reached skill level 1 in Conjurations
  2335 | D:2      | Reached skill level 1 in Summonings
  2335 | D:2      | Reached skill level 1 in Necromancy
  2335 | D:2      | Reached skill level 1 in Translocations
  2335 | D:2      | Reached skill level 1 in Transmutations
  2335 | D:2      | Reached skill level 1 in Fire Magic
  2335 | D:2      | Reached skill level 1 in Ice Magic
  2335 | D:2      | Reached skill level 1 in Air Magic
  2335 | D:2      | Reached skill level 1 in Earth Magic
  2335 | D:2      | Reached skill level 1 in Poison Magic
  3497 | D:3      | Reached XP level 5. HP: 28/40 MP: 4/9
  3866 | D:3      | Found a snail-covered altar of Cheibriados.
  5408 | D:4      | Found a staircase to the Ecumenical Temple.
  5434 | Temple   | Entered the Ecumenical Temple
  5490 | Temple   | Became a worshipper of Sif Muna the Loreminder
  5525 | D:4      | Found a burning altar of Makhleb.
  5525 | D:4      | Found a shimmering altar of Xom.
  5543 | D:4      | Slain by a crimson imp

Illustrated notes

Levels and vault maps discovered:
D:1:      giann_bridges, layout_loops_ring, minmay_3d_cube
D:2:      minmay_evil_eye, layout_loops_ring, bh_walls_and_bars
D:3:      layout_basic, old_standard_altar
D:4:      layout_loops_ring, grunt_temple_overflow_champion_of_chaos,
          lemuel_doored_altar, nicolae_overflow_crystal_walls,
          minmay_temple_entry_glass, serial_shops, shop, minmay_fountain_box
Temple:   corrupted_temple

Skill      XL: |  1  2  3  4  5 |
---------------+----------------+-----
Invocations    | 1 |  1.7
Short Blades   | 1 |  1.5
Long Blades    | 1 |  1.5
Axes           | 1 |  1.5
Maces & Flails | 1 |  1.5
Polearms       | 1 |  1.5
Staves         | 1 |  1.5
Slings         | 1 |  1.5
Crossbows      | 1 |  1.5
Dodging        | 1 |  1.5
Stealth        | 1 |  1.5
Shields        | 1 |  1.5
Unarmed Combat | 1 |  1.5
Evocations     | 1 |  1.5
Spellcasting   | 3 |  3.2
Conjurations   | 1 |  1.2
Summonings     | 1 |  1.2
Necromancy     | 1 |  1.2
Translocations | 1 |  1.2
Transmutations | 1 |  1.2
Fire Magic     | 1 |  1.2
Ice Magic      | 1 |  1.2
Air Magic      | 1 |  1.2
Earth Magic    | 1 |  1.2
Poison Magic   | 1 |  1.2
Fighting       | 3 |  3.0
Hexes          | 4 |  4.0
Bows           | |  4.8
Throwing       | |  4.8
Armour         | |  4.8

Action                   |  1- 3 |  4- 6 || total
-------------------------+-------+-------++-------
Melee: Whip              |       |   123 ||   123
       Bite              |       |    16 ||    16
       Punch             |       |     1 ||     1
 Fire: Shortbow          |    84 |    24 ||   108
 Cast: Magic Dart        |    38 |   118 ||   156
       Slow              |       |    14 ||    14
  Use: Scroll            |     3 |     4 ||     7
       Potion            |     1 |     3 ||     4
Armor: Robe              |    13 |    39 ||    52
Dodge: Dodged            |    24 |   101 ||   125

Table legend: (Time is in decaauts)
 A = Elapsed time spent in this place.
 B = Non-inter-level travel time spent in this place.
 C = Inter-level travel time spent in this place.
 D = Time resting spent in this place.
 E = Time spent auto-exploring this place.
 F = Levels seen in this place.
 G = Mean time per level.
                   A        B        C        D        E       F      G
               +--------+--------+--------+--------+--------+-----+--------+
         Total |   5568 |   5407 |    161 |   2369 |   1333 |   5 | 1113.6 |
       Dungeon |   5495 |   5334 |    161 |   2369 |   1332 |   4 | 1373.8 |
        Temple |     73 |     73 |      0 |      0 |      1 |   1 |   73.0 |
               +--------+--------+--------+--------+--------+-----+--------+

Top non-repeatable levels by time:
     D:2: 2532 daAuts
     D:1: 1528 daAuts
     D:3: 1329 daAuts
     D:4: 104 daAuts
  Temple: 73 daAuts
